 Dungeon Crawl Stone Soup version 0.31-a0-358-gac0dbeb3ab (webtiles) character file.

Game seed: 4309723991534459933

3759 garrulousMonolith the Sneak (level 10, 0/68 HPs)
             Began as an Octopode Shapeshifter on July 25, 2023.
             Was an Initiate of Gozag.
             Killed from afar by an electric eel (10 damage)
             ... with a bolt of electricity
             ... on level 8 of the Dungeon.
             The game lasted 00:09:41 (7703 turns).

garrulousMonolith the Sneak (Octopode Shapeshifter) Turns: 7703, Time: 00:09:41

Health: 0/68       AC:  1    Str: 17    XL:     10   Next: 15%
Magic:  19/19      EV: 15    Int: 10    God:    Gozag
Gold:   934        SH: 10    Dex: 15    Spells: 9/9 levels left

rFire   . . .        A - +2 dagger (elec)
rCold   . . .        D - +0 buckler
rNeg    + . .        (helmet currently unavailable)
rPois   .            C - amulet of reflection
rElec   .            c - ring of magical power
rCorr   .            t - ring of positive energy
SInv    .            (no ring)
Will    .....        (no ring)
Stlth   +++++        (no ring)
HPRegen 0.31/turn    (no ring)
MPRegen 0.16/turn    (no ring)
                     (no ring)

%: reflection
@: beast-form
A: beast (slay +5), almost no armour, amphibious, 8 rings, camouflage 1,
gelatinous body 1, (nimble swimmer 1), tentacles
a: Begin Untransformation, Renounce Religion, Potion Petition, Call Merchant,
Bribe Branch


You were on level 8 of the Dungeon.
You worshipped Gozag.
Gozag was pleased with you.
You were a hulking beast.
You visited 2 branches of the dungeon, and saw 9 of its levels.

You collected 975 gold pieces.
You paid 41 gold pieces to Gozag.

Inventory:

Hand Weapons
 e - a +0 antimagic dagger
 m - a +0 trident
 o - a +0 sling
 w - the +10 whip of Famuegij {drain, rPois Will- Str+3}
   (You found it on level 4 of the Dungeon)

   Str:       It affects your strength (+3).
   rPois:     It protects you from poison.
   Will:      It decreases your willpower.
 A - a +2 dagger of electrocution (weapon)
Missiles
 d - 69 stones
 p - 19 poisoned darts (quivered)
Armour
 D - a +0 buckler (worn)
Magical Staves
 g - a staff of cold
Jewellery
 c - a ring of magical power (left tentacle)
 t - a ring of positive energy (right tentacle)
 C - an amulet of reflection (around mantle)
Talismans
 b - a beast talisman
Wands
 i - a wand of digging (6)
 s - a wand of polymorph (6)
 x - a wand of paralysis (8)
Scrolls
 f - a scroll of teleportation {unknown}
 j - a scroll of noise {unknown}
 k - 2 scrolls of amnesia {unknown}
 n - a scroll of brand weapon {unknown}
 q - a scroll of silence {unknown}
 v - a scroll of fear
 y - 2 scrolls of poison {unknown}
 z - a scroll of revelation {unknown}
 E - a scroll of fog {unknown}
Potions
 a - a potion of lignification
 h - 2 potions of enlightenment
 r - 3 potions of brilliance
 u - a potion of cancellation {unknown}
 B - a potion of might
 F - 2 potions of degeneration {unknown}


   Skills:
 + Level 5.6 Fighting
 + Level 6.0 Dodging
 + Level 7.8 Stealth
 + Level 3.2 Shields
 + Level 6.4 Unarmed Combat
 * Level 7.4 Shapeshifting


You had 9 spell levels left.
You didn't know any spells.
Your spell library contained the following spells:

 Spells                   Type           Power      Damage    Failure   Level
 Sandblast                Erth           0%         2d4       43%         1
 Ensorcelled Hibernation  Hex/Ice        0%         N/A       58%         2
 Passwall                 Tmut/Erth      0%         N/A       58%         2
 Stone Arrow              Conj/Erth      0%         3d7       82%         3
 Swiftness                Air            0%         N/A       82%         3


Dungeon Overview and Level Annotations

Branches:
Dungeon (8/15)             Temple (1/1) D:4
   Lair: D:8-11

Altars:
Ashenzari
Dithmenos
Elyvilon
Fedhas
Gozag
Hepliaklqana
Kikubaaqudgha
Makhleb
Nemelex Xobeh
Qazlal
Ru
Trog
Uskayaw
Vehumet
Wu Jian
Xom
Yredelemnul
Zin

Shops:
D:7 *   D:8 [


Innate Abilities, Weirdness & Mutations

You are a hulking beast.
Your limbs bulge with bestial killing power. (Slay +5)
You cannot wear most types of armour.
You are amphibious.
You can wear up to eight rings at the same time.
Your skin changes colour to match your surroundings (Stealth+).
Your rubbery body absorbs attacks. (AC +1, EV +1)
((You are camouflaged when in or above water. (Stealth+)))
You have tentacles for arms and can constrict up to eight enemies at once.


Message History

You see here a +0 dagger.
An electric eel comes into view.
An electric eel is nearby!
An electric eel is nearby!
An electric eel comes into view.
The electric eel shoots out a bolt of lightning at you!
The bolt of electricity hits you!
The electric eel shoots out a bolt of lightning at you!
The bolt of electricity hits you!
You are too injured to fight recklessly!
You are too injured to fight recklessly!
You are too injured to fight recklessly!
You are too injured to fight recklessly!
You are too injured to fight recklessly!
You are too injured to fight recklessly!
You are too injured to fight recklessly!
You are too injured to fight recklessly!
You are too injured to fight recklessly!
You are too injured to fight recklessly!
You are too injured to fight recklessly!
You are too injured to fight recklessly!
The electric eel shoots out a bolt of lightning at you!
The bolt of electricity hits you!
The electric eel shoots out a bolt of lightning at you!
The bolt of electricity hits you!
The electric eel shoots out a bolt of lightning at you!
The bolt of electricity hits you!
* * * LOW HITPOINT WARNING * * *
The electric eel shoots out a bolt of lightning at you!
The bolt of electricity hits the plant!
The plant begins to die.
The bolt of electricity hits the plant!
The plant begins to die.
The bolt of electricity hits you!
* * * LOW HITPOINT WARNING * * *
You hit the electric eel. You grab the electric eel.
The electric eel is lightly wounded.
You constrict the electric eel.
The electric eel shoots out a bolt of lightning at you!
The bolt of electricity hits you!
You die...
Your body crumbles into a pile of gold.

#.............#
#.............#
♣............#
♣♣♣♣♣♣♣♣.....##...#
♣♣~~~♣~~♣♣....##...####
♣♣~~~~P~~~~♣............
♣P~P~~~.~~..............
~P...~.................)
.......h.......##..##'##
....~.S..~~~~♣♣~#..#....
P.P..~~PP~~~~~~~~..#....
~~~~~~~~P~≈~P~P~~~.#...)
.P~~~P~≈≈S≈~~~~~~###....
..♣~~~≈~≈≈~~~P~~......##
..~P~~~~≈~P~♣♣........#.
.~~~~P~~♣... ........#.
.......#.


You could see 2 electric eels.

Vanquished Creatures
  Pikel (D:5)
  A hornet (D:8)
  Grinder (D:4)
  Eustachio (D:5)
  2 steam dragons
  A water moccasin (D:6)
  A phantom (D:4)
  2 centaurs
  A lemure (D:5)
  6 bullfrogs
  A kobold brigand (D:8)
  3 scorpions
  7 wights
  3 killer bees (D:7)
  2 electric eels (D:8)
  4 howler monkeys
  4 orc priests
  5 hounds
  A gnoll bouda (D:7)
  2 jellies
  A sleepcap (D:5)
  Jessica (D:3)
  Terence (D:2)
  An iguana (D:4)
  2 orc wizards
  10 gnolls
  6 adders
  2 shadow imps
  A white imp (D:7)
  2 ufetubi
  2 worms
  3 dart slugs
  32 orcs
  9 ball pythons
  5 endoplasms
  7 giant cockroaches
  10 goblins
  7 hobgoblins
  7 jackals
  5 quokkas
  6 bats
  5 frilled lizards
  10 kobolds
  5 rats
189 creatures vanquished.

Notes
Turn   | Place    | Note
-------+----------+-------------------------------------------
     0 | D:1      | garrulousMonolith the Octopode Shapeshifter began the quest
                  | for the Orb.
     0 | D:1      | Reached XP level 1. HP: 13/13 MP: 1/1
   226 | D:1      | Reached XP level 2. HP: 13/18 MP: 2/2
   317 | D:1      | Reached skill level 1 in Stealth
   400 | D:1      | Reached XP level 3. HP: 23/23 MP: 3/3
   812 | D:2      | Noticed Terence
   819 | D:2      | Killed Terence
   820 | D:2      | Reached XP level 4. HP: 28/28 MP: 4/4
  1485 | D:3      | Reached XP level 5. HP: 34/34 MP: 5/5
  1684 | D:3      | Found a sparkling altar of Nemelex Xobeh.
  1936 | D:3      | Noticed Jessica
  1938 | D:3      | Killed Jessica
  2432 | D:4      | Found a staircase to the Ecumenical Temple.
  2442 | D:4      | Reached XP level 6. HP: 39/39 MP: 6/6
  2454 | D:4      | Noticed Grinder
  2473 | Temple   | Entered the Ecumenical Temple
  2582 | Temple   | Became a worshipper of Gozag Ym Sagoz the Greedy
  2870 | D:4      | Paralysed by Grinder for 3 turns
  2879 | D:4      | Killed Grinder
  2880 | D:4      | Reached XP level 7. HP: 24/46 MP: 7/7
  3150 | D:4      | Identified the +10 whip of Famuegij {drain, rPois Will-
                  | Str+3}
  3466 | D:5      | Entered Level 5 of the Dungeon
  3480 | D:5      | Noticed Pikel
  3490 | D:5      | Killed Pikel
  3491 | D:5      | Reached skill level 5 in Stealth
  3491 | D:5      | Reached skill level 5 in Shapeshifting
  3491 | D:5      | Reached XP level 8. HP: 8/54 MP: 8/8
  3670 | D:5      | Noticed Eustachio
  3680 | D:5      | Killed Eustachio
  3681 | D:5      | Reached skill level 5 in Unarmed Combat
  4692 | D:6      | Found a hide-covered altar of Uskayaw.
  4722 | D:6      | Reached XP level 9. HP: 53/59 MP: 9/9
  4940 | D:6      | Reached skill level 5 in Dodging
  4940 | D:6      | Reached skill level 1 in Shields
  4991 | D:6      | Found a blossoming altar of Fedhas.
  5544 | D:6      | Found a shimmering altar of Xom.
  5777 | D:7      | Reached skill level 5 in Fighting
  6409 | D:7      | Found Xebuidoa's Neck Hole.
  7259 | D:8      | Noticed a hornet
  7269 | D:8      | Killed a hornet
  7270 | D:8      | Reached XP level 10. HP: 37/66 MP: 10/10
  7542 | D:8      | Found Haguenoa's Armour Shop.
  7703 | D:8      | Killed from afar by an electric eel

Illustrated notes

Levels and vault maps discovered:
D:1:      dpeg_arrival_rhombus, layout_basic
D:2:      layout_rooms, chequers_serial_rivers_marsh, uniq_terence
D:3:      layout_loops_ring, nemelex_spade_bored_becter, minivault_27,
          grunt_ministairs_5, uniq_jessica
D:4:      layout_loops_ring, minmay_temple_entry_glass, serial_forest,
          infiniplex_forest_straight_3, infiniplex_forest_straight_1,
          infiniplex_forest_end_3, infiniplex_forest_clump_small,
          infiniplex_forest_corner_2, infiniplex_forest_lined_2,
          infiniplex_forest_zigzag_1, minmay_mini_jars, uniq_grinder
D:5:      layout_gridville, uniq_pikel, uniq_eustachio
D:6:      layout_basic, mainiacjoe_overflow_alcove_2,
          mainiacjoe_overflow_catch_the_wave
D:7:      layout_basic, nicolae_shop_sticking_my_neck_out
D:8:      layout_gridville, serial_bayou, serial_bayou_shore_b,
          serial_bayou_ford_a, serial_bayou_crossing, serial_bayou_lagoon_a,
          serial_bayou_pond_b, serial_bayou_shore_a, serial_shops,
          nicolae_shop_stone
Temple:   nicolae_temple_great_sept

Skill      XL: |  1  2  3  4  5  6  7  8  9 10 |
---------------+-------------------------------+-----
Stealth        | 1 2 3 4 5 6 7 |  7.8
Fighting       | 2 3 4 5 |  5.6
Shapeshifting  | 4 5 6 7 |  7.4
Dodging        | 3 4 5 6 |  6.0
Unarmed Combat | 4 5 6 |  6.4
Shields        | 3 |  3.2

Action                     |  1- 3 |  4- 6 |  7- 9 | 10-12 || total
---------------------------+-------+-------+-------+-------++-------
  Melee: Unarmed           |    46 |   126 |    71 |       ||   243
         Constrict         |    15 |    41 |    48 |     7 ||   111
         Tentacles         |    10 |    22 |    54 |     8 ||    94
         Punch             |       |     2 |     8 |     2 ||    12
         Dagger            |       |       |   104 |    25 ||   129
  Throw: Dart              |       |     1 |       |     2 ||     3
  Evoke: Wand              |       |       |     3 |       ||     3
    Use: Scroll            |       |     4 |     3 |     1 ||     8
         Potion            |       |     2 |     4 |     1 ||     7
   Stab: Sleeping          |     7 |    14 |    13 |     6 ||    40
         Paralysed         |       |       |     3 |       ||     3
         Distracted        |       |       |     1 |     1 ||     2
 Armour: Skin              |     3 |     6 |    29 |       ||    38
  Dodge: Dodged            |    25 |    75 |    96 |    12 ||   208
  Block: Buckler           |       |       |    28 |     6 ||    34

Table legend: (Time is in decaauts)
 A = Elapsed time spent in this place.
 B = Non-inter-level travel time spent in this place.
 C = Inter-level travel time spent in this place.
 D = Time resting spent in this place.
 E = Time spent auto-exploring this place.
 F = Levels seen in this place.
 G = Mean time per level.
                   A        B        C        D        E       F      G
               +--------+--------+--------+--------+--------+-----+--------+
         Total |   7670 |   7521 |    149 |   1935 |   4299 |   9 |  852.2 |
       Dungeon |   7549 |   7412 |    137 |   1864 |   4299 |   8 |  943.6 |
        Temple |    121 |    109 |     12 |     71 |      0 |   1 |  121.0 |
               +--------+--------+--------+--------+--------+-----+--------+

Top non-repeatable levels by time:
     D:7: 1254 daAuts
     D:6: 1193 daAuts
     D:4: 1186 daAuts
     D:5: 1096 daAuts
     D:3: 827 daAuts
     D:1: 775 daAuts
     D:8: 675 daAuts
     D:2: 540 daAuts
  Temple: 121 daAuts
